[Event "Titled Tuesday Blitz March 28 Late 2023"]
[White "Figorito, Nick"]
[Black "Domingo Nunez, Ruben"]
[WhiteFideId "30923689"]
[BlackFideId "22245570"]
[WhiteElo "2340"]
[BlackElo "2404"]
[Result "0-1"]
[Round "03"]
[TimeControl "180+2"]
[Date "2023.03.28"]
[WhiteClock "0:00:05"]
[BlackClock "0:00:24"]

1. Nf3 g6 2. g3 Bg7 3. Bg2 d6 4. O-O Nf6 5. c4 O-O 6. Nc3 Bd7 7. Rb1 Bc6 8. b4 b6 9. b5 Bb7 10. a4 Nbd7 11. Bb2 Nc5 12. a5 bxa5 13. Na4 Nxa4 14. Qxa4 a6 15. Qxa5 axb5 16. Qxb5 Rb8 17. Qa4 Ra8 18. Qb5 Ba6 19. Qb3 Qd7 20. d3 Rfb8 21. Qc2 Bb7 22. Bc3 Bc6 23. Rxb8+ Rxb8 24. Rb1 Ra8 25. Ra1 Re8 26. Ra7 e5 27. e4 Rb8 28. h3 Qc8 29. Ra2 Nd7 30. Rb2 Ra8 31. Ra2 Rxa2 32. Qxa2 Nc5 33. Bf1 f5 34. Nd2 fxe4 35. dxe4 Nxe4 36. Nxe4 Bxe4 37. Bg2 Bxg2 38. Kxg2 Qb7+ 39. Kg1 Qc6 40. Kh2 Qf3 41. Ba5 Qc6 42. Bd2 Bf6 43. Be3 Kg7 44. h4 h5 45. Kg1 Qe4 46. Kh2 Kh7 47. Kg1 Bg7 48. Kh2 c6 49. Qd2 d5 50. cxd5 cxd5 51. Bg5 d4 52. Kg1 Qf3 53. Kh2 Bf8 54. Kg1 Bg7 55. Kh2 e4 56. Kg1 Qf5 57. Qb4 e3 58. fxe3 d3 59. Qd6 Qb5 60. e4 Qb1+ 61. Kg2 Qc2+ 62. Kg1 Qe2 63. e5 Qe4 64. Bf6 Qe3+ 65. Kg2 Qe2+ 66. Kg1 d2 67. Qd7 d1=Q+ 68. Qxd1 Qxd1+ 69. Kg2 Bxf6 70. exf6 Qd5+ 71. Kh3 Qh1# 0-1


[Site "https://www.chess.com"]

[Event "Titled Tuesday Blitz March 28 Late 2023"]
[White "Eggleston, Thomas A"]
[Black "Ismagilov, Damir"]
[WhiteFideId "412139"]
[BlackFideId "34199982"]
[WhiteElo "2155"]
[BlackElo "2078"]
[Result "0-1"]
[Round "03"]
[TimeControl "180+2"]
[Date "2023.03.28"]
[WhiteClock "0:00:04"]
[BlackClock "0:01:32"]

1. e4 e5 2. f4 d6 3. Bc4 Nc6 4. Nc3 Nf6 5. Nf3 Bg4 6. O-O Be7 7. h3 Bxf3 8. Qxf3 Nd4 9. Qd1 O-O 10. d3 c6 11. f5 d5 12. Bb3 dxe4 13. dxe4 Bb4 14. Qd3 Nxb3 15. axb3 Qxd3 16. cxd3 a6 17. Be3 Rfd8 18. Rfd1 Rd6 19. Rd2 Rad8 20. Rad1 h6 21. g4 Nd7 22. Kf2 Bc5 23. Na2 Bxe3+ 24. Kxe3 Nc5 25. Nc1 Rd4 26. h4 g6 27. fxg6 fxg6 28. Rc2 Nxe4 29. Rf1 Ng3 30. Rf3 Rxg4 31. Rc5 Nf5+ 32. Kd2 Nd4 33. Rf2 Rg1 34. Rxe5 Rf8 35. Rxf8+ Kxf8 36. b4 Nf3+ 0-1


[Site "https://www.chess.com"]

[Event "Titled Tuesday Blitz March 28 Late 2023"]
[White "a-z30"]
[Black "Skaric, Djuro"]
[BlackFideId "934569"]
[WhiteElo "2510"]
[BlackElo "2282"]
[Result "1/2-1/2"]
[Round "03"]
[TimeControl "180+2"]
[Date "2023.03.28"]
[WhiteClock "0:00:03"]
[BlackClock "0:00:35"]

1. d3 d6 2. Nf3 g6 3. g3 Bg7 4. Bg2 e5 5. O-O Nf6 6. c4 O-O 7. Nc3 Nc6 8. Bg5 h6 9. Bxf6 Bxf6 10. Rb1 a5 11. a3 Bg7 12. b4 axb4 13. axb4 f5 14. Nd5 Bd7 15. e3 g5 16. b5 Ne7 17. Nxe7+ Qxe7 18. Ne1 e4 19. dxe4 fxe4 20. Qd5+ Kh8 21. Qxe4 Qxe4 22. Bxe4 Ra7 23. Nc2 b6 24. Nd4 Ra4 25. Rfc1 Bxd4 26. exd4 Be6 27. Bd3 Ra3 28. Rd1 Ra2 29. Rf1 Bh3 30. Ra1 Rd2 31. Rad1 Rb2 32. Rfe1 Rfxf2 33. Be4 Rxh2 34. Bd5 Rhd2 35. Ra1 Re2 36. Ra8+ Kg7 37. Rxe2 Rxe2 38. Ra7 Re7 39. c5 dxc5 40. dxc5 Kf6 41. cxb6 cxb6 42. Ra6 Ke5 43. Bc6 Bd7 44. Rxb6 Bxc6 45. Rxc6 h5 46. b6 Ke4 47. Rc7 Re6 48. b7 Rb6 49. Rf7 g4 50. Kf2 Rb2+ 51. Ke1 Ke3 52. Kd1 h4 53. gxh4 g3 54. Rg7 Kf2 55. h5 g2 56. h6 Rxb7 57. Rxb7 g1=Q+ 58. Kd2 Qg5+ 59. Kc3 Qxh6 60. Rb4 Ke3 61. Kc4 Qc6+ 62. Kb3 Kd3 63. Rb8 Qd5+ 64. Ka4 Qd7+ 65. Ka5 Qc7+ 66. Rb6 Kc4 67. Ka6 Qc8+ 68. Rb7 Kc5 69. Ka7 Kc6 70. Rb6+ Kc5 71. Rb7 Qc6 72. Rb8 Qa4+ 73. Kb7 Kd6 74. Rc8 Qb5+ 75. Ka8 Kd7 76. Rc7+ Kd6 77. Rb7 Qa6+ 78. Kb8 Qa4 79. Kc8 Qa6 80. Kb8 Kc6 81. Rc7+ Kd6 82. Rb7 1/2-1/2


[Site "https://www.chess.com"]

[Event "Titled Tuesday Blitz March 28 Late 2023"]
[White "Kohler, Aran"]
[Black "koncheto"]
[WhiteFideId "1002856"]
[WhiteElo "2296"]
[BlackElo "2485"]
[Result "1-0"]
[Round "03"]
[TimeControl "180+2"]
[Date "2023.03.28"]
[WhiteClock "0:00:08"]
[BlackClock "0:00:37"]

1. e4 d5 2. Nc3 dxe4 3. Nxe4 Qd5 4. Nc3 Qa5 5. d4 c6 6. h3 Nf6 7. Nf3 Bf5 8. Bc4 e6 9. O-O Bd6 10. Re1 O-O 11. Bg5 Nbd7 12. a3 h6 13. Bd2 Qc7 14. b4 a5 15. Rb1 axb4 16. axb4 Nb6 17. Bf1 Nbd5 18. Ne2 Nf4 19. Nxf4 Bxf4 20. Ne5 Bxd2 21. Qxd2 Rfd8 22. Rb2 Qb6 23. c3 Ra3 24. Nc4 Qa7 25. Nxa3 Qxa3 26. Ra2 Qb3 27. Qb2 Qd5 28. c4 Qxd4 29. Qxd4 Rxd4 30. Ra8+ Kh7 31. g4 Bc2 32. Rc1 Be4 33. Rb8 Nd7 34. Rxb7 c5 35. Rb5 cxb4 36. Rxb4 Ne5 37. f4 Nf3+ 38. Kf2 f6 39. Rb3 Nd2 40. Rbc3 Bc6 41. Bd3+ g6 42. Ke3 Nf3 43. c5 e5 44. f5 e4 45. Be2 gxf5 46. Bxf3 f4+ 47. Kxd4 exf3 48. R3c2 Bb5 49. Re1 Bc6 50. Re6 f2 51. Rxf2 1-0


[Site "https://www.chess.com"]

[Event "Titled Tuesday Blitz March 28 Late 2023"]
[White "olga-belka"]
[Black "Dudzinski, Pawel"]
[BlackFideId "1117890"]
[WhiteElo "2279"]
[BlackElo "2099"]
[Result "1/2-1/2"]
[Round "03"]
[TimeControl "180+2"]
[Date "2023.03.28"]
[WhiteClock "0:00:08"]
[BlackClock "0:00:04"]

1. e4 c6 2. d4 d5 3. exd5 cxd5 4. Bd3 Nf6 5. h3 g6 6. Nf3 Bf5 7. Be2 Bg7 8. O-O O-O 9. Re1 Nc6 10. c3 Rc8 11. Bf4 a6 12. Nbd2 b5 13. Nb3 Ne4 14. g4 Bd7 15. Bd3 f5 16. g5 Na5 17. Nfd2 Nxb3 18. axb3 Qb6 19. Qe2 Rce8 20. f3 Nxd2 21. Qxd2 e5 22. Be3 e4 23. Be2 f4 24. Bxf4 Bxh3 25. Kh2 Bf5 26. Rf1 Re7 27. fxe4 Bxe4 28. Bg4 Bf5 29. Bxf5 Rxf5 30. Rae1 Qd8 31. Bg3 Ref7 32. Rxf5 Rxf5 33. Bf4 Bf8 34. Re5 Qd7 35. Kg3 h6 36. Qg2 hxg5 37. Bxg5 Bd6 38. Qxd5+ Kh7 39. Kh4 Rxe5 40. dxe5 Qf5 41. Qxd6 Qf2+ 42. Kg4 Qf5+ 43. Kh4 Qf2+ 44. Kh3 Qf3+ 45. Kh4 Qf2+ 1/2-1/2


[Site "https://www.chess.com"]

[Event "Titled Tuesday Blitz March 28 Late 2023"]
[White "Coelho, Ramyres Santana"]
[Black "Foerster-Yialamas, Lucas"]
[WhiteFideId "2120690"]
[BlackFideId "30901774"]
[WhiteElo "1888"]
[BlackElo "2067"]
[Result "0-1"]
[Round "03"]
[TimeControl "180+2"]
[Date "2023.03.28"]
[WhiteClock "0:00:09"]
[BlackClock "0:01:16"]

1. e4 c5 2. Nf3 d6 3. d4 cxd4 4. Nxd4 Nf6 5. Nc3 Nc6 6. f3 e5 7. Nb3 a6 8. Be3 Be7 9. Qd2 Be6 10. O-O-O Rc8 11. g4 h6 12. h4 Na5 13. Nxa5 Qxa5 14. a3 b5 15. Nd5 Qxd2+ 16. Rxd2 Bxd5 17. exd5 Nd7 18. Bg2 Nc5 19. Bxc5 Rxc5 20. Kb1 g5 21. hxg5 Bxg5 22. Rd3 Ke7 23. Re1 a5 24. Rdd1 h5 25. Bh3 h4 26. Re4 Kf6 27. Rd3 Rhc8 28. c3 a4 29. Re2 Bf4 30. g5+ Kxg5 31. Bxc8 Rxc8 32. Rg2+ Kf6 33. Rg4 h3 34. Rh4 h2 35. Rd1 Rg8 36. Kc2 Rg1 37. Rh3 Kf5 38. Rh5+ Kg6 39. Rh8 Rxd1 40. Kxd1 Kf5 41. Kc2 e4 42. fxe4+ Kxe4 43. Rh5 f5 44. b3 Be5 45. c4 bxc4 46. bxa4 f4 47. a5 f3 48. Rh4+ Kxd5 49. Kd2 c3+ 50. Kd3 f2 51. Ke2 c2 52. a6 c1=Q 53. a7 Qe1+ 54. Kd3 f1=Q+ 55. Kc2 Qff2+ 56. Kb3 Qc3+ 57. Ka4 Qxa7+ 58. Kb5 Qcc5# 0-1


[Site "https://www.chess.com"]

[Event "Titled Tuesday Blitz March 28 Late 2023"]
[White "Zwirs, Nico"]
[Black "Goraj, Barbara"]
[WhiteFideId "1036432"]
[BlackFideId "21816166"]
[WhiteElo "2381"]
[BlackElo "2074"]
[Result "1-0"]
[Round "03"]
[TimeControl "180+2"]
[Date "2023.03.28"]
[WhiteClock "0:01:44"]
[BlackClock "0:00:12"]

1. c4 c5 2. Nf3 Nc6 3. e3 e6 4. d4 cxd4 5. exd4 d5 6. Nc3 Nf6 7. c5 b6 8. Bb5 Bd7 9. Bxc6 Bxc6 10. Ne5 Qc8 11. b4 bxc5 12. bxc5 Ne4 13. Nxe4 dxe4 14. O-O Be7 15. Qg4 O-O 16. Re1 Bf6 17. Bf4 Bxe5 18. Bxe5 f6 19. Bd6 f5 20. Qf4 Rf7 21. Rab1 Qa6 22. Rb2 h6 23. Reb1 Bd5 24. h4 h5 25. Rb8+ Kh7 26. Qg5 Rf6 27. Be5 Rg6 28. Qxh5+ Rh6 29. Qe8 Rxb8 30. Rxb8 Qe2 31. Qg8+ Kg6 32. Qxg7+ Kh5 33. Qg5# 1-0


[Site "https://www.chess.com"]

[Event "Titled Tuesday Blitz March 28 Late 2023"]
[White "Zamorano, Jorge"]
[Black "Bongo Akanga Ndjila, Barthelemy"]
[WhiteFideId "173770"]
[BlackFideId "10609431"]
[WhiteElo "2331"]
[BlackElo "1768"]
[Result "1-0"]
[Round "03"]
[TimeControl "180+2"]
[Date "2023.03.28"]
[WhiteClock "0:00:47"]
[BlackClock "0:00:52"]

1. e4 e6 2. d3 d5 3. Nd2 c5 4. Ngf3 Nf6 5. g3 Nc6 6. Bg2 d4 7. O-O e5 8. Nc4 Qc7 9. Nh4 Ng8 10. f4 Nge7 11. fxe5 Nxe5 12. Nxe5 Qxe5 13. Bf4 Qe6 14. Nf5 Nc6 15. Bh3 Qg6 16. c3 Be6 17. Qa4 O-O-O 18. cxd4 cxd4 19. Rac1 Bd7 20. Qxa7 Bxf5 21. Bxf5+ Qxf5 22. Rxc6+ bxc6 23. Qc7# 1-0


[Site "https://www.chess.com"]

[Event "Titled Tuesday Blitz March 28 Late 2023"]
[White "Hamitevici, Vladimir"]
[Black "Ipek, Egehan"]
[WhiteFideId "13902393"]
[BlackFideId "44523793"]
[WhiteElo "2401"]
[BlackElo "1948"]
[Result "1-0"]
[Round "03"]
[TimeControl "180+2"]
[Date "2023.03.28"]
[WhiteClock "0:01:21"]
[BlackClock "0:00:02"]

1. Nf3 d5 2. c4 c6 3. d4 Nf6 4. e3 e6 5. b3 Nbd7 6. Bd3 b6 7. O-O Be7 8. Bb2 O-O 9. Nbd2 Ba6 10. Qc2 c5 11. e4 cxd4 12. e5 Ng4 13. Bxh7+ Kh8 14. Bxd4 dxc4 15. bxc4 Rc8 16. Qa4 Bxc4 17. Nxc4 Kxh7 18. Nd6 Bxd6 19. exd6 f5 20. Rae1 Nc5 21. Bxc5 Rxc5 22. Rxe6 Rf7 23. Qf4 Rd7 24. Ng5+ Kg8 25. Rfe1 Rd5 26. Re8+ 1-0


[Site "https://www.chess.com"]

[Event "Titled Tuesday Blitz March 28 Late 2023"]
[White "Sochacki, Christophe"]
[Black "sebastianmarinp"]
[WhiteFideId "662569"]
[WhiteElo "2474"]
[BlackElo "2298"]
[Result "1-0"]
[Round "03"]
[TimeControl "180+2"]
[Date "2023.03.28"]
[WhiteClock "0:00:31"]
[BlackClock "0:00:07"]

1. h4 e5 2. h5 h6 3. a4 d5 4. a5 a6 5. e3 Nc6 6. d4 exd4 7. exd4 Bb4+ 8. c3 Bxa5 9. b4 Bb6 10. Nf3 Bg4 11. Be2 Nf6 12. Ne5 Nxe5 13. dxe5 Bxe2 14. Qxe2 Ne4 15. Be3 Bxe3 16. Qxe3 Qg5 17. Qxg5 Nxg5 18. Nd2 O-O 19. f4 Ne6 20. O-O f5 21. Nb3 Rac8 22. Ra5 c6 23. g3 Kh7 24. Kf2 Rg8 25. Rh1 g5 26. hxg6+ Rxg6 27. Nd4 Nxd4 28. cxd4 Rcg8 29. Ra3 Kg7 30. Rh5 Rf8 31. Ra1 Re6 32. Kf3 Rf7 33. Rah1 Rg6 34. R1h4 Kh7 35. g4 fxg4+ 36. Rxg4 Rxg4 37. Kxg4 Rg7+ 38. Kf5 Rg1 39. Ke6 Rd1 40. f5 Rxd4 41. Kf7 Re4 42. e6 d4 43. e7 d3 44. e8=Q 1-0


[Site "https://www.chess.com"]

[Event "Titled Tuesday Blitz March 28 Late 2023"]
[White "Romanchuk, Viktor"]
[Black "Sarkar, Justin"]
[WhiteFideId "14109271"]
[BlackFideId "2010011"]
[WhiteElo "2242"]
[BlackElo "2189"]
[Result "1-0"]
[Round "03"]
[TimeControl "180+2"]
[Date "2023.03.28"]
[WhiteClock "0:01:36"]
[BlackClock "0:00:01"]

1. d4 Nf6 2. c4 e6 3. Nc3 Bb4 4. e3 O-O 5. Ne2 d5 6. a3 Be7 7. cxd5 exd5 8. Nf4 c6 9. Bd3 Nbd7 10. O-O Re8 11. f3 Nf8 12. b4 Ne6 13. Nfe2 a5 14. Rb1 axb4 15. axb4 b6 16. Kh1 c5 17. bxc5 bxc5 18. Bb5 Bd7 19. dxc5 Bxc5 20. Nxd5 Nxd5 21. Qxd5 Bxb5 22. Qxd8 Nxd8 23. Rxb5 Bxe3 24. Bxe3 Rxe3 25. Ng3 Ne6 26. Nf5 1-0


[Site "https://www.chess.com"]

[Event "Titled Tuesday Blitz March 28 Late 2023"]
[White "Sanchez Alvares, Kelvin Antonio"]
[Black "Ardila, Oscar Humberto"]
[WhiteFideId "3906680"]
[BlackFideId "4404742"]
[WhiteElo "2217"]
[BlackElo "1911"]
[Result "1-0"]
[Round "03"]
[TimeControl "180+2"]
[Date "2023.03.28"]
[WhiteClock "0:00:18"]
[BlackClock "0:00:06"]

1. e4 e5 2. Nf3 Nf6 3. Nxe5 d6 4. Nf3 Nxe4 5. Qe2 Qe7 6. d3 Nf6 7. Bg5 Qxe2+ 8. Bxe2 Be7 9. Nc3 c6 10. O-O-O O-O 11. Rhe1 Re8 12. Nd4 h6 13. Bh4 Na6 14. Bf3 Bd7 15. h3 Nc7 16. Bg3 Rad8 17. Nb3 Bc8 18. Na5 Ne6 19. d4 d5 20. Nb3 b6 21. a3 a5 22. Kb1 Ba6 23. Na4 Nd7 24. Bg4 Bb5 25. Nc3 Bc4 26. Bxe6 fxe6 27. Rxe6 Rc8 28. Rde1 Kf7 29. R6e3 Nf6 30. Nd2 Ba6 31. Na4 Nd7 32. Nf3 Bf6 33. Ne5+ Bxe5 34. dxe5 Re6 35. f4 g6 36. Bh2 d4 37. Rf3 b5 38. Re4 bxa4 39. Rxd4 Nb6 40. g4 Nd5 41. f5 Ree8 42. Rxa4 gxf5 43. gxf5 Be2 44. Rf2 Bh5 45. Rxa5 Ra8 46. Rc5 Rec8 47. c4 Ne3 48. e6+ Ke7 49. f6+ Kxe6 50. Rxh5 Nxc4 51. f7 Rf8 52. Rxh6+ Kd7 53. Rhf6 Rab8 54. Bxb8 1-0


[Site "https://www.chess.com"]

[Event "Titled Tuesday Blitz March 28 Late 2023"]
[White "Ronka, Erik"]
[Black "Martinez, Shawn"]
[WhiteFideId "505080"]
[BlackFideId "2039770"]
[WhiteElo "2264"]
[BlackElo "2174"]
[Result "1-0"]
[Round "03"]
[TimeControl "180+2"]
[Date "2023.03.28"]
[WhiteClock "0:01:38"]
[BlackClock "0:00:10"]

1. e4 c5 2. a3 Nc6 3. b4 b6 4. Nf3 e6 5. Bb2 Nf6 6. e5 Nd5 7. c4 Nde7 8. d4 cxd4 9. Nxd4 Nxd4 10. Bxd4 Bb7 11. Nc3 Ng6 12. h4 Nxh4 13. Qh5 Nf5 14. O-O-O g6 15. Qg4 h5 16. Qe2 Qg5+ 17. Kb2 Bg7 18. Ne4 Bxe4 19. Qxe4 O-O 20. f4 Qg4 21. Be2 Qg3 22. Rh3 d5 23. exd6 Nxd6 24. Qxa8 Qxg2 25. Qxg2 1-0


[Site "https://www.chess.com"]

[Event "Titled Tuesday Blitz March 28 Late 2023"]
[White "De Souza, Cristiano Gomes"]
[Black "Santos Flores, Alberto"]
[WhiteFideId "2151758"]
[BlackFideId "3601234"]
[WhiteElo "2068"]
[BlackElo "2235"]
[Result "1/2-1/2"]
[Round "03"]
[TimeControl "180+2"]
[Date "2023.03.28"]
[WhiteClock "0:00:17"]
[BlackClock "0:00:21"]

1. d4 d5 2. c4 c6 3. Nf3 Nf6 4. Nc3 dxc4 5. a4 Bf5 6. Ne5 e6 7. f3 Bb4 8. Nxc4 O-O 9. Ne5 c5 10. e3 cxd4 11. exd4 Nc6 12. Nxc6 bxc6 13. Bc4 c5 14. Be3 Rc8 15. dxc5 Bxc5 16. Qxd8 Rfxd8 17. Bxc5 Rxc5 18. Be2 Rb8 19. Ra2 Bb1 20. Nxb1 Rc1+ 21. Bd1 Rxb1 22. O-O R8xb2 23. Rxb2 Rxb2 24. f4 g6 25. g3 Ra2 26. Rf2 Rxf2 27. Kxf2 Kf8 28. Ke3 Ke7 29. Kd4 Kd6 30. Kc4 Kc6 31. Bf3+ Kb6 32. Kb4 a5+ 33. Kc4 Nd7 34. g4 Nc5 35. Bd1 f6 36. h4 Kc6 37. Kd4 Kd6 38. Bc2 e5+ 39. fxe5+ fxe5+ 40. Kc4 Kc6 41. h5 gxh5 42. gxh5 h6 43. Bd1 e4 44. Kd4 Kd6 45. Bc2 e3 46. Kxe3 Ke5 47. Bd1 Kd5 48. Kf4 Ke6 49. Ke3 Ke5 50. Bc2 Nd7 51. Kd3 Nb6 52. Bb3 Kf4 53. Kd4 Kg5 54. Kc5 Nxa4+ 55. Bxa4 Kxh5 56. Kb5 Kg4 57. Kxa5 h5 58. Kb4 h4 59. Bc6 h3 60. Kc5 h2 61. Kd4 h1=Q 62. Bxh1 1/2-1/2


[Site "https://www.chess.com"]

[Event "Titled Tuesday Blitz March 28 Late 2023"]
[White "Karamsetty, Jeevan"]
[Black "Muhammad, Shahzeb"]
[WhiteFideId "2025337"]
[BlackFideId "7804806"]
[WhiteElo "2111"]
[BlackElo "2263"]
[Result "1-0"]
[Round "03"]
[TimeControl "180+2"]
[Date "2023.03.28"]
[WhiteClock "0:01:34"]
[BlackClock "0:00:01"]

1. e4 d5 2. exd5 Nf6 3. Nc3 Nxd5 4. Nf3 Nxc3 5. bxc3 g6 6. Bc4 Bg7 7. O-O O-O 8. d4 c5 9. Re1 Nc6 10. Ba3 Na5 11. Qe2 Bf6 12. Bxc5 Qc7 13. Bd3 b6 14. Bxe7 Re8 15. Bd6 Rxe2 16. Bxc7 Rxe1+ 17. Rxe1 Be6 18. Ba6 Kg7 19. h3 h6 20. g4 Rf8 21. Ne5 Bxa2 22. Nd7 1-0


[Site "https://www.chess.com"]

[Event "Titled Tuesday Blitz March 28 Late 2023"]
[White "morozcoma"]
[Black "Sreyas Payyappat"]
[BlackFideId "46674969"]
[WhiteElo "2260"]
[BlackElo "2083"]
[Result "0-1"]
[Round "03"]
[TimeControl "180+2"]
[Date "2023.03.28"]
[WhiteClock "0:00:02"]
[BlackClock "0:00:16"]

1. e4 c6 2. Nf3 d5 3. Nc3 dxe4 4. Nxe4 Nf6 5. Qe2 Nxe4 6. Qxe4 Nd7 7. Bc4 Nf6 8. Ne5 e6 9. Qe2 b5 10. Bb3 Qc7 11. d4 Bd6 12. Bf4 O-O 13. O-O a5 14. c3 Bb7 15. Bg5 Nd7 16. f4 Nb6 17. Bh4 a4 18. Bc2 f6 19. Qd3 g6 20. Ng4 Nd5 21. g3 c5 22. Qe2 cxd4 23. Qxe6+ Kg7 24. Rfe1 dxc3 25. Rad1 Rae8 26. Qxe8 Rxe8 27. Rxe8 Qc5+ 28. Nf2 cxb2 29. Be4 Nc3 30. Rxd6 Qxd6 31. Bxb7 b1=Q+ 32. Kg2 Nd1 33. Ne4 Ne3+ 0-1


[Site "https://www.chess.com"]

[Event "Titled Tuesday Blitz March 28 Late 2023"]
[White "Toniutti, Ezio"]
[Black "OKEKE, Isaac Chukwudalu"]
[WhiteFideId "113034"]
[BlackFideId "8508526"]
[WhiteElo "2215"]
[BlackElo "2161"]
[Result "1-0"]
[Round "03"]
[TimeControl "180+2"]
[Date "2023.03.28"]
[WhiteClock "0:02:27"]
[BlackClock "0:00:50"]

1. d4 Nf6 2. c4 g6 3. Nc3 Bg7 4. e4 O-O 5. f4 d6 6. Nf3 c5 7. d5 b5 8. cxb5 a6 9. a4 axb5 10. Bxb5 Ba6 11. Bd2 Bxb5 12. axb5 Rxa1 13. Qxa1 Qb6 14. O-O Ng4 15. Kh1 c4 16. Qe1 Nd7 17. h3 Nh6 18. Be3 Qa5 19. Nd4 Nc5 20. Nc6 Qc7 21. Bxc5 dxc5 22. Qe3 f5 23. e5 Nf7 24. Qxc5 Re8 25. b6 Qb7 26. Ra1 1-0


[Site "https://www.chess.com"]

[Event "Titled Tuesday Blitz March 28 Late 2023"]
[White "Torres Dominguez, David"]
[Black "Mortazavi, Ali"]
[WhiteFideId "2220857"]
[BlackFideId "401323"]
[WhiteElo "1999"]
[BlackElo "2339"]
[Result "0-1"]
[Round "03"]
[TimeControl "180+2"]
[Date "2023.03.28"]
[WhiteClock "0:00:07"]
[BlackClock "0:01:15"]

1. e4 c6 2. Nf3 d5 3. d3 Bg4 4. Be2 Nd7 5. Nfd2 Bxe2 6. Qxe2 e6 7. O-O Qc7 8. Nf3 Ne7 9. Re1 Ng6 10. Nc3 Be7 11. h4 Nxh4 12. Nxh4 Bxh4 13. exd5 cxd5 14. Nxd5 Qd6 15. Ne3 O-O 16. Nc4 Qc7 17. Qg4 Bf6 18. Bg5 b5 19. Ne3 Bxb2 20. Rab1 Bc3 21. Re2 a6 22. Bf4 Be5 23. Bxe5 Nxe5 24. Qg3 Rac8 25. Ng4 Ng6 26. Qf3 Qf4 27. Qh3 Qf5 28. Rb4 Nf4 29. Rxf4 Qxf4 30. Re4 Qc1+ 31. Kh2 f5 32. Nh6+ Qxh6 0-1


[Site "https://www.chess.com"]

[Event "Titled Tuesday Blitz March 28 Late 2023"]
[White "Estremera Panos, Sergio"]
[Black "Golubev, Mikhail"]
[WhiteFideId "2200864"]
[BlackFideId "14100983"]
[WhiteElo "2253"]
[BlackElo "2374"]
[Result "1-0"]
[Round "03"]
[TimeControl "180+2"]
[Date "2023.03.28"]
[WhiteClock "0:00:31"]
[BlackClock "0:00:01"]

1. d4 Nf6 2. c4 g6 3. Nc3 Bg7 4. e4 d6 5. Nf3 O-O 6. Be2 e5 7. d5 Qe8 8. O-O Nh5 9. Be3 Nf4 10. Qd2 Nxe2+ 11. Qxe2 Nd7 12. Nd2 f5 13. f3 f4 14. Bf2 g5 15. b4 Nf6 16. c5 g4 17. Nc4 gxf3 18. gxf3 Bh3 19. Kh1 Bxf1 20. Rxf1 Qd7 21. Rg1 Kh8 22. b5 Rg8 23. b6 axb6 24. cxd6 cxd6 25. Nxb6 Qh3 26. Nxa8 Rxa8 27. Qf1 Qxf3+ 28. Qg2 Qxg2+ 29. Kxg2 Ra3 30. Nb5 Rxa2 31. Nxd6 Ng4 32. Rf1 Ne3+ 33. Kg1 Nxf1 34. Kxf1 Ra1+ 35. Kg2 Ra2 36. Nxb7 Bf8 37. Kf3 Rd2 38. Bh4 Kg8 39. Bf6 Bg7 40. Be7 Kf7 41. Bc5 1-0


[Site "https://www.chess.com"]

[Event "Titled Tuesday Blitz March 28 Late 2023"]
[White "Papayan, Oleg"]
[Black "Palacio,Igor Da Paz"]
[WhiteFideId "4193911"]
[BlackFideId "2121140"]
[WhiteElo "2153"]
[BlackElo "2126"]
[Result "1-0"]
[Round "03"]
[TimeControl "180+2"]
[Date "2023.03.28"]
[WhiteClock "0:00:07"]
[BlackClock "0:00:45"]

1. e4 d6 2. d4 Nf6 3. Nc3 g6 4. Be3 c6 5. Qd2 b5 6. a3 Nbd7 7. f3 Nb6 8. h4 h5 9. Bd3 Rb8 10. b4 Bg7 11. Nge2 Be6 12. d5 cxd5 13. Bxb5+ Kf8 14. Nd4 Nc4 15. Bxc4 dxc4 16. Nc6 Qc7 17. Nxb8 Qxb8 18. O-O Nd7 19. Bd4 Ne5 20. Nd5 Bxd5 21. exd5 a6 22. f4 Ng4 23. Bxg7+ Kxg7 24. Qd4+ f6 25. Rfe1 Re8 26. Re6 Nh6 27. Rae1 Qc7 28. c3 Nf5 29. Qf2 Kf7 30. a4 Qb7 31. Qf3 Qd7 32. a5 Nxh4 33. Qe4 Nf5 34. Qxc4 Rc8 35. Qxa6 Rxc3 36. Qa8 Rc8 37. Qa6 Rc3 38. b5 Qc7 39. Qb6 Qxb6+ 40. axb6 Rb3 41. Ra1 Rxb5 42. Ra6 h4 43. Re1 Nd4 44. Kf2 Rb2+ 45. Kf1 Nf5 46. Rc1 Ng3+ 47. Ke1 Re2+ 48. Kd1 Rb2 49. Rc7 Nf5 50. b7 Nd4 51. Ra8 Rb1+ 52. Kd2 Rb2+ 53. Kc1 Rxg2 54. b8=Q Rg1+ 55. Kd2 Rg2+ 56. Ke3 Nf5+ 57. Kd3 Rg3+ 58. Kc2 Nd4+ 59. Kb2 Rb3+ 60. Qxb3 Nxb3 61. Kxb3 g5 62. f5 g4 63. Raa7 Kg7 64. Rxe7+ Kh6 65. Rg7 Kh5 66. Rg6 1-0


[Site "https://www.chess.com"]

[Event "Titled Tuesday Blitz March 28 Late 2023"]
[White "Romero Pallares, Daniel"]
[Black "Mendez Machado, Andre"]
[WhiteFideId "32025637"]
[BlackFideId "6603793"]
[WhiteElo "2195"]
[BlackElo "1984"]
[Result "0-1"]
[Round "03"]
[TimeControl "180+2"]
[Date "2023.03.28"]
[WhiteClock "0:00:37"]
[BlackClock "0:00:10"]

1. e4 e5 2. Nf3 Nc6 3. d4 exd4 4. Bc4 Nf6 5. e5 d5 6. Bb5 Ne4 7. Nxd4 Bd7 8. Bxc6 bxc6 9. O-O Bc5 10. f3 Ng5 11. f4 Ne4 12. Be3 Qb8 13. Nc3 Qxb2 14. Nxe4 dxe4 15. Nf5 Bxe3+ 16. Nxe3 Rd8 17. Qe1 O-O 18. Rb1 Qxa2 19. f5 Bc8 20. f6 g6 21. Qh4 h5 22. Qg5 Kh7 23. g4 Rg8 24. Kh1 Qa3 25. Rg1 Qf8 26. Qh4 Qh6 27. g5 Qf8 28. Qf4 Qc5 29. Rgd1 Rge8 30. Rxd8 Rxd8 31. Qxe4 Be6 32. h4 Rd4 33. Qf3 Rxh4+ 34. Kg2 Bd5 35. Nxd5 Qxc2+ 36. Kg1 Qxb1+ 37. Kf2 cxd5 38. Qxd5 Qc2+ 39. Ke3 Rh3+ 40. Kf4 Qf5# 0-1


[Site "https://www.chess.com"]

[Event "Titled Tuesday Blitz March 28 Late 2023"]
[White "ilya2700"]
[Black "Pires, Marcos Vinicius Torsani"]
[BlackFideId "2118939"]
[WhiteElo "2211"]
[BlackElo "2273"]
[Result "1/2-1/2"]
[Round "03"]
[TimeControl "180+2"]
[Date "2023.03.28"]
[WhiteClock "0:00:06"]
[BlackClock "0:00:23"]

1. e4 c5 2. c4 Nc6 3. Ne2 g6 4. d4 cxd4 5. Nxd4 Nf6 6. Nc3 d6 7. Be2 Nxd4 8. Qxd4 Bg7 9. O-O O-O 10. Qd3 Be6 11. Bg5 Qa5 12. Be3 Rfc8 13. b3 Ng4 14. Bxg4 Qxc3 15. Qxc3 Bxc3 16. Bxe6 fxe6 17. Rad1 Bf6 18. f4 a6 19. e5 dxe5 20. fxe5 Bxe5 21. Rd7 Rc7 22. Rfd1 Rac8 23. Bb6 Rxd7 24. Rxd7 Rc6 25. c5 Kf7 26. Rxb7 Bd4+ 27. Kf1 Bxc5 28. Bxc5 Rxc5 29. a4 e5 30. Rb6 a5 31. Ke2 Rc2+ 32. Kf3 e6 33. Rb7+ Kf6 34. Rb5 h5 35. Rxa5 Rc3+ 36. Kf2 Rxb3 37. Ra8 Ra3 38. a5 e4 39. a6 Ke5 40. a7 Ra2+ 41. Ke3 Ra3+ 42. Kf2 g5 43. Rg8 Rxa7 44. Rxg5+ Kf4 45. Rxh5 Ra2+ 46. Kf1 Ke3 47. Rh3+ Kd4 48. Rb3 e3 49. Rb4+ Kc3 50. Rb6 e5 51. Rd6 Rf2+ 52. Ke1 Rxg2 53. h4 Rh2 54. h5 Rxh5 55. Ke2 Rh3 56. Rd5 Kc4 57. Rxe5 Kd4 58. Re8 Rh2+ 59. Ke1 Ra2 60. Rd8+ Kc3 61. Rc8+ Kd3 62. Rd8+ Ke4 63. Re8+ Kd4 64. Rd8+ Kc5 65. Rc8+ Kd6 66. Re8 Ra3 67. Ke2 Kd5 68. Rxe3 Rxe3+ 69. Kxe3 1/2-1/2


[Site "https://www.chess.com"]

[Event "Titled Tuesday Blitz March 28 Late 2023"]
[White "WindWhistler11"]
[Black "ritanovikova"]
[WhiteElo "2452"]
[BlackElo "2209"]
[Result "1-0"]
[Round "03"]
[TimeControl "180+2"]
[Date "2023.03.28"]
[WhiteClock "0:01:11"]
[BlackClock "0:00:23"]

1. Nf3 d5 2. g3 Nf6 3. c4 dxc4 4. Bg2 Nc6 5. Na3 e5 6. O-O Bxa3 7. bxa3 O-O 8. Qa4 Be6 9. Ng5 Bd5 10. e4 b5 11. Qxb5 Nd4 12. Qa5 Bb7 13. Qxe5 Ne2+ 14. Kh1 Nxc1 15. Raxc1 Qxd2 16. Rxc4 Ba6 17. Rd4 Qb2 18. Rfd1 Ng4 19. Qf5 Nxf2+ 20. Kg1 g6 21. Qxf2 h6 22. Qxb2 1-0


[Site "https://www.chess.com"]